 Dungeon Crawl Stone Soup version 0.31.0-4-g52a2dc7128 (webtiles) character file.

Game seed: 5894109272730871414

98 Crownlay the Trooper (level 5, 0/42 HPs)
             Began as a Djinni Monk on Jan 23, 2024.
             Killed from afar by an orc wizard (6 damage)
             ... with a magic dart
             ... on level 3 of the Dungeon.
             The game lasted 00:02:43 (2050 turns).

Crownlay the Trooper (Djinni Monk)                  Turns: 2050, Time: 00:02:44

Health: 0/42       AC:  2    Str: 10    XL:     5   Next: 1%
Gold:   133        EV: 12    Int: 14    God:
                   SH:  0    Dex: 15

rFire   + + .        e - +1 dagger (speed)
rCold   x . .        m - +0 buckler
rNeg    . . .        b - +0 robe
rPois   ∞            (no helmet)
rElec   .            (no cloak)
rCorr   .            (no gloves)
SInv    .            (boots unavailable)
Will    .....        a - amulet of faith
Stlth   +            (no ring)
HPRegen 0.27/turn    (no ring)
MPRegen 0.00/turn

%: faith, infuse magic (-1 HP)
@: confused, flying
A: sickness immunity, fire resistance 2, cold vulnerability 1, float, innate
caster, HP casting, extra vitality 1
a: no special abilities


You were on level 3 of the Dungeon.
You visited 1 branch of the dungeon, and saw 3 of its levels.

You collected 133 gold pieces.

Inventory:

Hand Weapons
 e - a +1 dagger of speed (weapon)
Missiles
 h - a throwing net (quivered)
Armour
 b - a +0 robe (worn)
 d - an orb of light
 m - a +0 buckler (worn)
Jewellery
 a - an amulet of faith (around neck)
 p - an amulet of reflection
Scrolls
 g - 2 scrolls of identify {unknown}
 j - a scroll of brand weapon {unknown}
 l - 2 scrolls of teleportation {unknown}
 n - a scroll of poison {unknown}
Potions
 c - a potion of ambrosia
 f - a potion of enlightenment {unknown}
 i - a potion of curing {unknown}
 k - a potion of magic {unknown}
 o - a potion of attraction {unknown}


   Skills:
 * Level 4.5 Fighting
 - Level 2.6 Short Blades
 - Level 3.2 Dodging
 + Level 0.7 Shields
 + Level 1.5 Spellcasting
 + Level 1.5 Conjurations
 + Level 1.5 Hexes
   Level 0.0 Charms
 + Level 1.5 Summonings
 + Level 1.5 Necromancy
 + Level 1.5 Translocations
   Level 0.0 Transmutations
 + Level 1.5 Fire Magic
 + Level 1.5 Ice Magic
 + Level 1.5 Air Magic
 + Level 1.5 Earth Magic
 + Level 1.5 Alchemy


You knew the following spells:

 Your Spells              Type           Power      Damage    Failure   Level
a - Kiss of Death         Conj/Necr      20%        2d7       21%         1
b - Ensorcelled Hibernat  Hex/Ice        10%        N/A       30%         2
Your spell library was empty.

Dungeon Overview and Level Annotations

Branches:
Dungeon (3/15)

Altars:


Innate Abilities, Weirdness & Mutations

You are immune to sickness and miasma.
You are immune to poison.
Your flesh is very heat resistant. (rF++)
You are vulnerable to cold. (rC-)
You float through the air rather than walking.
You learn spells naturally, not from books.
Your magical power is your life essence.
You have superior vitality. (+4 MHP)


Message History

You're too confused to move!
The rat misses you.
You bump into the rock wall.
The rat barely misses you.
You're too confused to move!
The rat bites you but does no damage.
You bump into the rock wall.
The rat twitches its whiskers.
The rat bites you but does no damage. The rat attacks as it pursues you!
The rat bites you.
You feel less confused. You block the rat's attack.
You hit the rat.
The rat is moderately wounded.
The rat bites you.
You closely miss the rat.
The rat is moderately wounded.
You hit the rat.
The rat is severely wounded.
The rat barely misses you.
You hit the rat.
You kill the rat!
Something hits you.
* * * LOW HITPOINT WARNING * * *
You closely miss something. You hit something but do no damage.
Something hits you but does no damage.
You closely miss something.
You hear some strange, mumbled words.
Something tries to affect you, but you resist.
You miss something. You barely miss something.
You hear some strange, mumbled words.
You are confused.
You completely miss something. You hit something. Something hits you.
* * * LOW HITPOINT WARNING * * *
You hit something. Something hits you.
* * * LOW HITPOINT WARNING * * *
You bump into the rock wall.
You hear some strange, mumbled words.
A magic dart appears from out of thin air!
The magic dart hits you.
You die...

......#
......######
......#...w
.....r..#
.......###
..o......#######
o.....##og).)..#
...?..########g####
......# #g{@.##
......# ####..####
.....## #####....#
# ....#
#....###..... ####
###..........
###.######### #...#
#. #.### #.
#######.# #.


You could see 2 hobgoblins.

Vanquished Creatures
  An orc wizard (D:3)
  3 adders
  An orc (D:3)
  9 bats
  3 endoplasms (D:1)
  A giant cockroach (D:1)
  9 goblins
  2 hobgoblins
  5 kobolds
  A quokka (D:1)
  6 ball pythons
  2 frilled lizards (D:1)
  3 rats
46 creatures vanquished.

Notes
Turn   | Place    | Note
-------+----------+-------------------------------------------
     0 | D:1      | Crownlay the Djinni Monk began the quest for the Orb.
     0 | D:1      | Reached XP level 1. HP: 20/20 MP: 0/0
    55 | D:1      | Reached XP level 2. HP: 16/25 MP: 0/0
   369 | D:1      | Reached XP level 3. HP: 30/30 MP: 0/0
   369 | D:1      | Learned a level 1 spell: Kiss of Death
   385 | D:1      | Reached skill level 1 in Spellcasting
   385 | D:1      | Reached skill level 1 in Conjurations
   385 | D:1      | Reached skill level 1 in Hexes
   385 | D:1      | Reached skill level 1 in Summonings
   385 | D:1      | Reached skill level 1 in Necromancy
   385 | D:1      | Reached skill level 1 in Translocations
   385 | D:1      | Reached skill level 1 in Fire Magic
   385 | D:1      | Reached skill level 1 in Ice Magic
   385 | D:1      | Reached skill level 1 in Air Magic
   385 | D:1      | Reached skill level 1 in Earth Magic
   385 | D:1      | Reached skill level 1 in Alchemy
  1028 | D:2      | Reached skill level 4 in Fighting
  1041 | D:2      | Reached XP level 4. HP: 14/37 MP: 0/0
  2026 | D:3      | Reached XP level 5. HP: 15/42 MP: 0/0
  2026 | D:3      | Learned a level 2 spell: Ensorcelled Hibernation
  2050 | D:3      | Killed from afar by an orc wizard

Illustrated notes

Levels and vault maps discovered:
D:1:      dreamdust_arrival_sigmund_warning, layout_loops_cross,
          hangedman_feature_mirror
D:2:      layout_basic, chequers_jeans, minmay_hexomino_r4
D:3:      layout_rooms, minmay_distorted

Skill      XL: |  1  2  3 |
---------------+----------+-----
Spellcasting   | 1 |  1.5
Conjurations   | 1 |  1.5
Hexes          | 1 |  1.5
Summonings     | 1 |  1.5
Necromancy     | 1 |  1.5
Translocations | 1 |  1.5
Fire Magic     | 1 |  1.5
Ice Magic      | 1 |  1.5
Air Magic      | 1 |  1.5
Earth Magic    | 1 |  1.5
Alchemy        | 1 |  1.5
Fighting       | 4 |  4.5
Short Blades   | |  2.6
Dodging        | |  3.2
Shields        | |  0.7

Action                     |  1- 3 |  4- 6 || total
---------------------------+-------+-------++-------
  Melee: Short sword       |    31 |       ||    31
         Dagger            |    89 |    85 ||   174
 Armour: Robe              |    56 |    47 ||   103
  Dodge: Dodged            |    81 |    22 ||   103
  Block: Buckler           |       |     8 ||     8
